 Dungeon Crawl Stone Soup version 0.29-a0-802-g34511f41fd (webtiles) character file.

Game seed: 16885325444747131415

271 buhh the Insei (level 6, -2/43 HPs)
             Began as an Octopode Transmuter on July 3, 2022.
             Was an Initiate of Cheibriados.
             Killed by divine providence
             ... invoked by an orc priest
              (14 damage)
             ... on level 4 of the Dungeon.
             The game lasted 00:04:35 (4194 turns).

buhh the Insei (Octopode Transmuter)                Turns: 4194, Time: 00:04:35

Health: -2/43      AC:  1    Str: 10    XL:     6   Next: 23%
Magic:  8/9        EV: 13    Int: 19    God:    Cheibriados [......]
Gold:   174        SH:  0    Dex: 13    Spells: 3/9 levels left

rFire   . . .      SeeInvis .     - Unarmed
rCold   . . .      Faith    .   (no shield)
rNeg    . . .      Spirit   .   (helmet currently unavailable)
rPois   .          Reflect  .   (no amulet)
rElec   .          Harm     .   (no ring)
rCorr   .          Rampage  .   (no ring)
Will    .....                   (no ring)
Stlth   +++.......              (no ring)
HPRegen 0.14/turn               (no ring)
MPRegen 0.11/turn               (no ring)
                                (no ring)
                                (no ring)

@: appendages, very slow
A: tentacle spike 3, almost no armour, amphibious, 8 rings, camouflage 1,
gelatinous body 1, (nimble swimmer 1), tentacles
a: End Transformation, Renounce Religion


You were on level 4 of the Dungeon.
You worshipped Cheibriados.
Cheibriados was noncommittal.
One of your tentacles had grown a beastly spike.
You visited 1 branch of the dungeon, and saw 4 of its levels.

You collected 174 gold pieces.

Inventory:

Missiles
 h - 6 poisoned darts
Jewellery
 d - a ring of willpower
Wands
 i - a wand of roots (12)
Scrolls
 c - a scroll of enchant armour {unknown}
 e - a scroll of poison {unknown}
 j - a scroll of noise {unknown}
 m - 2 scrolls of amnesia {unknown}
 n - a scroll of fear {unknown}
 t - a scroll of teleportation {!d}
Potions
 a - 4 potions of curing {unknown}
 b - a potion of haste {unknown}
 f - a potion of brilliance {unknown}
 g - a potion of flight {unknown}
 k - 2 potions of cancellation {unknown}
 l - a potion of lignification {!d}
 o - a potion of heal wounds {unknown}


   Skills:
 + Level 4.2 Fighting
 * Level 2.8 Dodging
 - Level 2.0 Stealth
 * Level 4.5 Unarmed Combat
 - Level 2.0 Spellcasting
 - Level 2.0 Transmutations


You had 3 spell levels left.
You knew the following spells:

 Your Spells              Type           Power      Damage    Failure   Level
a - Beastly Appendage     Tmut           18%        N/A       8%          1
b - Wereblood             Tmut           9%         N/A       11%         2
c - Spider Form           Tmut/Pois      5%         N/A       32%         3

Your spell library contained the following spells:

 Spells                   Type           Power      Damage    Failure   Level
 Ice Form                 Ice/Tmut       5%         N/A       73%         4


Dungeon Overview and Level Annotations

Branches:
Dungeon (4/15) Zot: 29901
 Temple: D:4-7

Altars:
Cheibriados


Innate Abilities, Weirdness & Mutations

One of your tentacles has grown a beastly spike.
You cannot wear most types of armour.
You are amphibious.
You can wear up to eight rings at the same time.
Your skin changes colour to match your surroundings (Stealth+).
Your rubbery body absorbs attacks. (AC +1, EV +1)
((You are camouflaged when in or above water. (Stealth+)))
You have tentacles for arms and can constrict up to eight enemies at once.


Message History

The roots release their grip on the orc priest.
The orc priest hits you with a +0 club.
The orc priest calls upon Beogh to heal the orc priest.
The orc priest is healed somewhat.
The spell is quite dangerous to miscast (32% risk of failure)!
Continue anyway? [Y]es or [N]o only, please.
The spell is quite dangerous to miscast (32% risk of failure)!
Continue anyway?
Okay, then.
You tentacle-slap the orc priest. You grab the orc priest.
You squeeze the orc priest.
The orc priest is severely wounded.
You constrict the orc priest. The orc priest misses you.
You tentacle-slap the orc priest but do no damage.
The orc priest is almost dead.
You constrict the orc priest. The orc priest hits you with a +0 club.
The orc priest calls upon Beogh to heal the orc priest.
The orc priest is healed somewhat.
You tentacle-slap the orc priest. You squeeze the orc priest.
The orc priest is severely wounded.
You constrict the orc priest.
The orc priest looks encouraged for a moment.
Casting: Beastly Appendage (safe; 8% risk of failure)
Press: ? - help, Q - select action, (/) - cycle Dir - look around, f - activate One of your tentacles grows a vicious spike.
You constrict the orc priest.
The orc priest invokes the aid of Beogh against you.
Beogh smites you!
The orc priest begins to cast a cantrip, but forgets the words!
You tentacle-slap the orc priest.
You kill the orc priest!
Cheibriados thoroughly appreciates the change of pace.
The orc priest hits you with a +0 short sword.
You tentacle-slap the orc priest. Your grab misses the orc priest.
Your tentacle spike misses the orc priest.
The orc priest is heavily wounded.
The orc priest hits you with a +0 short sword.
* * * LOW HITPOINT WARNING * * *
The orc priest invokes the aid of Beogh against you.
Beogh smites you!
You die...

..##..†..##..# ...####..##..####
...####...).###.##
.....#....#####..###
.........##.$$##...###
.........#.8.8.#.....#
.........#_.o..'....####
#.......##.8.8.#oo.....## ###
.#.......##$o$##@##.....#######.#
.#....#..######.....#).....##...#
......#....#......#.##<#[..##....
..................#....##........
..............<........##........
...##...............#####.......#
...##................## #.......#
..###.................###......##
#.###........#...................


You could see 2 orc priests.

Vanquished Creatures
  A black bear (D:4)
  A hound (D:4)
  An orc priest (D:4)
  An iguana (D:4)
  3 adders
  2 worms (D:2)
  2 dart slugs
  8 ball pythons
  3 bats
  8 endoplasms
  5 goblins
  5 hobgoblins
  4 jackals (D:4)
  5 quokkas
  2 frilled lizards
  6 kobolds
  3 rats
60 creatures vanquished.

Notes
Turn   | Place    | Note
-------+----------+-------------------------------------------
     0 | D:1      | buhh the Octopode Transmuter began the quest for the Orb.
     0 | D:1      | Reached XP level 1. HP: 13/13 MP: 3/3
   385 | D:1      | Reached XP level 2. HP: 12/18 MP: 1/5
   807 | D:1      | Found a faded altar of an unknown god.
  1119 | D:1      | Reached XP level 3. HP: 23/25 MP: 6/6
  1638 | D:2      | Reached XP level 4. HP: 26/30 MP: 5/7
  3234 | D:4      | Reached XP level 5. HP: 25/36 MP: 6/8
  3620 | D:4      | Learned a level 2 spell: Wereblood
  3624 | D:4      | Learned a level 3 spell: Spider Form
  3681 | D:4      | Noticed a torpor snail
  3683 | D:4      | Found a snail-covered altar of Cheibriados.
  3683 | D:4      | Noticed a torpor snail
  3683 | D:4      | Noticed a torpor snail
  3707 | D:4      | Became a worshipper of Cheibriados the Contemplative
  3898 | D:4      | Noticed a black bear
  3908 | D:4      | Killed a black bear
  3909 | D:4      | Reached XP level 6. HP: 13/43 MP: 3/9
  4194 | D:4      | Killed from afar by an orc priest

Illustrated notes

Levels and vault maps discovered:
D:1:      matt_arrival_refuge, layout_rooms, nicolae_ecumenical_snake_handling,
          wad_floor_pattern_untrapped, st_stairs_11
D:2:      layout_rooms
D:3:      layout_loops_ring
D:4:      layout_cave_pools, cheibriados_altar_2, kennysheep_orc_chapel

Skill      XL: |  1  2  3  4  5 |
---------------+----------------+-----
Stealth        | 1 2 |  2.0
Fighting       | 2 3 4 |  4.2
Unarmed Combat | 4 |  4.5
Dodging        | |  2.8
Spellcasting   | |  2.0
Transmutations | |  2.0

Action                   |  1- 3 |  4- 6 || total
-------------------------+-------+-------++-------
Melee: Unarmed           |    60 |    72 ||   132
       Kick              |    18 |    15 ||    33
       Tentacles         |    10 |    14 ||    24
       Constrict         |    16 |    13 ||    29
       Punch             |     1 |     3 ||     4
 Cast: Beastly Appendage |    20 |    23 ||    43
       Spider Form       |       |     1 ||     1
Evoke: Wand              |       |     1 ||     1
  Use: Scroll            |       |     1 ||     1
 Stab: Sleeping          |     6 |     5 ||    11
Armor: Skin              |     2 |     3 ||     5
Dodge: Dodged            |    41 |    34 ||    75

Table legend: (Time is in decaauts)
 A = Elapsed time spent in this place.
 B = Non-inter-level travel time spent in this place.
 C = Inter-level travel time spent in this place.
 D = Time resting spent in this place.
 E = Time spent auto-exploring this place.
 F = Levels seen in this place.
 G = Mean time per level.
                   A        B        C        D        E       F      G
               +--------+--------+--------+--------+--------+-----+--------+
         Total |   4246 |   4137 |    109 |   1292 |   2360 |   4 | 1061.5 |
       Dungeon |   4246 |   4137 |    109 |   1292 |   2360 |   4 | 1061.5 |
               +--------+--------+--------+--------+--------+-----+--------+

Top non-repeatable levels by time:
     D:4: 1405 daAuts
     D:1: 1229 daAuts
     D:3: 876 daAuts
     D:2: 735 daAuts
